 Dungeon Crawl Stone Soup version 0.30.0-18-gc0e69614cb (webtiles) character file.

Game seed: 16696513195562387642

239 KittyFluff the Cudgeller (level 6, -4/58 HPs)
             Began as a Gargoyle Berserker on May 24, 2023.
             Was a Believer of Trog.
             Slain by Blork the orc
             ... wielding a +1 long sword of electrocution
              (6 damage)
             ... on level 4 of the Dungeon.
             The game lasted 00:12:16 (2659 turns).

KittyFluff the Cudgeller (Gargoyle Berserker)       Turns: 2659, Time: 00:12:17

Health: -4/58      AC:  8    Str: 21    XL:     6   Next: 7%
Magic:  6/6        EV: 12    Int:  3    God:    Trog [**....]
Gold:   34         SH:  0    Dex: 11    Spells: 5/5 levels left

rFire   . . .        n - +1 mace of the Nine Olives {freeze, rC+ Int-4 SInv Stlth+}
rCold   + + .        (no shield)
rNeg    + . .        z - +1 leather armour {rC+}
rPois   ∞            (no helmet)
rElec   +            (no cloak)
rCorr   .            (no gloves)
SInv    +            (no boots)
Will    .....        (no amulet) Stlth
                     (no ring)
HPRegen 0.29/turn    (no ring)
MPRegen 0.10/turn

%: no passive effects
@: berserking, very quick
A: sickness immunity, AC +4, negative energy resistance 1, electricity
resistance, torment resistance 1, petrification resistance
a: Renounce Religion, Berserk, Trog's Hand


You were on level 4 of the Dungeon.
You worshipped Trog.
Trog was pleased with you.
You visited 1 branch of the dungeon, and saw 4 of its levels.

You collected 267 gold pieces.
You spent 233 gold pieces at shops.

Inventory:

Hand Weapons
 a - a +0 mace
 k - a +0 sling
 n - the +1 mace of the Nine Olives (weapon) {freeze, rC+ Int-4 SInv Stlth+}
   (You found it on level 2 of the Dungeon)

   Int:       It affects your intelligence (-4).
   rC:        It protects you from cold.
   SInv:      It lets you see invisible.
   Stlth:     It makes you more stealthy.
 u - a +0 shortbow
 B - a +0 great mace
Missiles
 l - 11 stones (quivered)
 q - 11 poisoned darts
 A - 6 javelins
Armour
 z - a +1 leather armour of cold resistance (worn)
Scrolls
 b - a scroll of brand weapon {unknown}
 c - a scroll of enchant armour
 g - 3 scrolls of teleportation
 i - a scroll of blinking {unknown}
 j - a scroll of vulnerability {unknown}
 m - a scroll of fog {unknown}
 o - a scroll of torment {unknown}
 t - a scroll of immolation {unknown}
 w - a scroll of identify
 x - a scroll of noise {unknown}
 y - 3 scrolls of fear {unknown}
 C - a scroll of amnesia {unknown}
Potions
 d - a potion of mutation {unknown}
 e - 2 potions of invisibility {unknown}
 f - a potion of berserk rage {unknown}
 h - 5 potions of curing {unknown}
 p - a potion of brilliance {unknown}
 r - 2 potions of heal wounds {unknown}
 s - 2 potions of cancellation {unknown}
 v - a potion of degeneration


   Skills:
 + Level 4.3 Fighting
 + Level 4.7 Maces & Flails
 * Level 3.5 Armour
 + Level 2.2 Dodging
 + Level 1.6 Stealth


You had 5 spell levels left.
You didn't know any spells.
Your spell library was empty.

Dungeon Overview and Level Annotations

Branches:
Dungeon (4/15)
 Temple: D:4-7

Altars:
Ashenzari
Hepliaklqana
Makhleb
Wu Jian
The Shining One

Shops:
D:2 (   D:3 *=!?[

Annotations:
D:4 Blork the orc


Innate Abilities, Weirdness & Mutations

You are immune to sickness and miasma.
Your stone body is resilient. (AC +4)
You are immune to poison.
You resist negative energy. (rN+)
You are resistant to electric shocks. (rElec)
You are resistant to unholy torment.
You are immune to petrification.


Message History

Trog accepts your kill.
You see here a dart slug corpse.
Blork the orc comes into view.
He is wielding a +1 long sword of electrocution.
Blork the orc shouts!
Blork the orc casts a spell.
Blork the orc seems to speed up.
You see here a scroll labelled ZUUSHE TUGEJAT.
y - 3 scrolls labelled ZUUSHE TUGEJAT (gained 1) Blork the orc hits you with a +1 long sword of electrocution!
You hit Blork the orc. You freeze Blork the orc.
Blork the orc is moderately wounded.
Blork the orc hits you with a +1 long sword of electrocution.
Blork the orc misses you.
You barely miss Blork the orc.
Blork the orc is moderately wounded.
Blork the orc misses you.
Blork the orc hits you with a +1 long sword of electrocution.
You hit Blork the orc. You freeze Blork the orc. You punch Blork the orc.
Blork the orc is heavily wounded.
Blork the orc hits you with a +1 long sword of electrocution!
You barely miss Blork the orc.
Blork the orc is heavily wounded.
Blork the orc hits you with a +1 long sword of electrocution. x2
* * * LOW HITPOINT WARNING * * *
You closely miss Blork the orc.
Blork the orc is heavily wounded.
Blork the orc hits you with a +1 long sword of electrocution.
* * * LOW HITPOINT WARNING * * *
Blork the orc hits you with a +1 long sword of electrocution.
* * * LOW HITPOINT WARNING * * *
A red film seems to cover your vision as you go berserk!
You feel yourself moving faster!
You feel mighty!
Blork the orc screams, "I'll cover the dungeon with your blood!"
Blork the orc barely misses you.
You barely miss Blork the orc.
Blork the orc is heavily wounded.
Blork the orc hits you with a +1 long sword of electrocution.
* * * LOW HITPOINT WARNING * * *
Blork the orc hits you with a +1 long sword of electrocution.
You die...

......# .. ...# .#
..# .# #.# ########
##.####.## #......#
#..#......
#......#####.##.##...
#.........†.....#....
#...@..#####.###..#.#
#...o..# #.# #.####
#......# #.# ######
#......# ... ###_#
#......# #.# #....
#........ #.# #♣...
...######## ..# #....
..# #♣... ##'#


You could see Blork the orc (fast).

Vanquished Creatures
  A scorpion (D:4)
  A jelly (D:2)
  3 orc wizards (D:4)
  2 adders
  2 dart slugs
  3 orcs
  4 bats
  4 endoplasms (D:1)
  3 giant cockroaches
  5 goblins
  8 hobgoblins
  4 jackals (D:1)
  2 kobolds
  3 quokkas
  A ball python (D:2)
  A frilled lizard (D:3)
  5 rats
  A spectral goblin (D:4)
53 creatures vanquished.

Notes
Turn   | Place    | Note
-------+----------+-------------------------------------------
     0 | D:1      | KittyFluff the Gargoyle Berserker began the quest for the
                  | Orb.
     0 | D:1      | Reached XP level 1. HP: 14/14 MP: 1/1
   205 | D:1      | Reached XP level 2. HP: 16/19 MP: 2/2
   623 | D:1      | Found a faded altar of an unknown god.
   745 | D:1      | Reached XP level 3. HP: 23/24 MP: 3/3
  1061 | D:2      | Reached XP level 4. HP: 15/29 MP: 4/4
  1122 | D:2      | Identified the +1 mace of the Nine Olives {freeze, rC+
                  | Int-4 SInv Stlth+}
  1324 | D:2      | Reached ** piety under Trog
  1431 | D:2      | Found Jiuram's Weapon Shoppe.
  1640 | D:3      | Found Laosch's Assorted Antiques.
  1684 | D:3      | Found Pauced's Jewellery Boutique.
  1739 | D:3      | Found Ulumayr's Distillery.
  1754 | D:3      | Bought a potion of degeneration for 14 gold pieces
  1798 | D:3      | Found an ornate altar of the Wu Jian Council.
  1804 | D:3      | Found Pume's Magic Scroll Boutique.
  1862 | D:3      | Bought a scroll of identify for 26 gold pieces
  1862 | D:3      | Bought a scroll of teleportation for 39 gold pieces
  2137 | D:3      | Found a burning altar of Makhleb.
  2140 | D:3      | Noticed a blizzard demon
  2188 | D:3      | Found Uwobb's Armour Emporium.
  2194 | D:3      | Bought a +1 leather armour of cold resistance for 154 gold
                  | pieces
  2234 | D:4      | Noticed a scorpion
  2248 | D:4      | Killed a scorpion
  2249 | D:4      | Reached skill level 1 in Stealth
  2249 | D:4      | Reached XP level 5. HP: 20/33 MP: 5/5
  2327 | D:4      | Found a glowing golden altar of the Shining One.
  2364 | D:4      | Found a broken altar of Ashenzari.
  2441 | D:4      | Found a hazy altar of Hepliaklqana.
  2543 | D:4      | Reached XP level 6. HP: 19/39 MP: 4/6
  2648 | D:4      | Noticed Blork the orc
  2659 | D:4      | HP: 2/58 [Blork the orc/+1 long sword of electrocution (6)]
  2659 | D:4      | Slain by Blork the orc

Illustrated notes

Levels and vault maps discovered:
D:1:      saegor_arrival_fortress, layout_basic, shapermc_ecumenical_altar_gd,
          grunt_decor_arrowhead
D:2:      layout_basic, serial_shops, shop, minmay_pentomino_z2
D:3:      layout_loops_cross, mainiacjoe_overflow_small_starburst,
          makhleb_altar_promises_db, serial_shops, shop, shop_coins,
          nicolae_shop_advertising_works [nicolae_subvault_shop_adworks],
          nicolae_shop_competitors_out_of_business, shop
D:4:      layout_rooms, lemuel_round_altar, tso_altar,
          nicolae_hepliaklqana_monster_ancestors, kennysheep_ying_yang,
          uniq_blork_the_orc

Skill      XL: |  1  2  3  4 |
---------------+-------------+-----
Fighting       | 4 |  4.3
Maces & Flails | 4 |  4.7
Armour         | 3 |  3.5
Dodging        | 2 |  2.2
Stealth        | 1 |  1.6

Action                     |  1- 3 |  4- 6 || total
---------------------------+-------+-------++-------
  Melee: Mace              |    86 |    84 ||   170
         Punch             |     1 |     2 ||     3
 Invoke: Berserk           |       |     1 ||     1
    Use: Scroll            |     1 |       ||     1
   Stab: Sleeping          |       |     5 ||     5
 Armour: Animal skin       |    33 |     5 ||    38
         Leather armour    |       |    19 ||    19
  Dodge: Dodged            |    55 |    49 ||   104
